 Dungeon Crawl Stone Soup version 0.20-b1-24-gb21faa7 (webtiles) character file.

8453 tognito the Severer (level 11, 0/82 HPs)
             Began as a Minotaur Berserker on May 25, 2017.
             Was a High Priest of Trog.
             Slain by an orc knight
             ... wielding a +0 glaive
              (7 damage)
             ... in a bailey.
             The game lasted 00:21:19 (7952 turns).

tognito the Severer (Minotaur Berserker)            Turns: 7952, Time: 00:21:19

Health: 0/82       AC: 15    Str: 24    XL:     11   Next: 10%
Magic:  3/3        EV: 11    Int:  4    God:    Trog [*****.]
Gold:   617        SH:  0    Dex:  9    Spells: 10/10 levels left

rFire    . . .     SeeInvis .   a - +7 broad axe (antimagic)
rCold    . . .     Gourm    .   (no shield)
rNeg     . . .     Faith    .   D - +0 plate armour
rPois    +         Spirit   .   (helmet restricted)
rElec    .         Reflect  .   (no cloak)
rCorr    .         Harm     .   (no gloves)
MR       +....                  J - +0 pair of boots {Stlth+}
Stlth    ..........             l - amulet of regeneration
Regen    0.7/turn               A - +3 ring of protection
MPRegen  0.1/turn               C - +4 ring of evasion

@: no status effects
A: retaliatory headbutt, horns 2, clumsy 1, high mp 1, magic resistance 1,
poison resistance
a: Berserk, Trog's Hand, Brothers in Arms, Burn Spellbooks, Renounce Religion


You were in a bailey.
You worshipped Trog.
Trog was extremely pleased with you.
You were not hungry.

You visited 1 branch of the dungeon, and saw 10 of its levels.
You also visited: Bailey.

You collected 659 gold pieces.
You spent 42 gold pieces at shops.

Inventory:

Hand Weapons
 a - a +7 antimagic broad axe (weapon)
 v - a +0 war axe
 M - a +1 hand axe
Missiles
 i - 38 arrows
 m - 33 bolts
Armour
 D - a +0 plate armour (worn)
 J - a +0 pair of boots of stealth (worn)
Jewellery
 l - an amulet of regeneration (around neck)
 p - an uncursed ring of protection from fire
 r - a +1 ring of slaying
 s - an uncursed ring of fire
 A - a +3 ring of protection (left hand)
 C - a +4 ring of evasion (right hand)
 I - an uncursed ring of see invisible {unknown}
Wands
 y - a wand of iceblast (7/15)
 B - a wand of flame (10/48)
 H - a wand of iceblast (11/15)
 K - a wand of flame (33/48)
Scrolls
 d - 8 scrolls of teleportation
 n - 9 scrolls of identify
 o - a scroll of magic mapping
 u - 2 scrolls of fog
 x - a scroll of blinking
 z - a scroll of enchant weapon
 E - 4 scrolls of recharging
 G - a scroll of remove curse
Potions
 b - 2 potions of curing
 e - a potion of berserk rage
 f - a potion of resistance
 h - 7 potions of heal wounds
 k - a potion of agility
 t - a potion of might
 w - 2 potions of haste
 F - a potion of degeneration {unknown}
Comestibles
 c - 15 bread rations
 g - 4 royal jellies
 j - 5 meat rations
 q - 11 fruits
 L - 3 chunks of flesh


   Skills:
 - Level 3.6 Fighting
 + Level 18.9 Axes
 - Level 2.4 Armour
 - Level 2.1 Dodging


You had 10 spell levels left.
You didn't know any spells.

Dungeon Overview and Level Annotations

Branches:
Dungeon (10/15)            Temple (0/1) D:6             Orc (0/2) D:9
   Lair: D:8-11

Altars:
Sif Muna
Xom
Zin

Shops:
D:6 (   D:7 ?*?*


Innate Abilities, Weirdness & Mutations

You reflexively headbutt those who attack you in melee.
You have a pair of horns on your head.
You are clumsy. (Dex -2)
You have an increased reservoir of magic. (+10% MP)
You are resistant to hostile enchantments. (MR+)
Your system is resistant to poisons. (rPois)


Message History

There is an open door here.
Things that are here:
a trident; a chain mail; an orc corpse The orc knight roars a battlecry!
The orc warriors go into a battle-frenzy!
There is an open door here.
Things that are here:
a trident; a chain mail; an orc corpse The orc warrior hits you from afar with a trident!
The orc warrior hits you from afar with a spear!!
The orc warrior hits you from afar with a trident!
You now have 617 gold pieces (gained 12).
Things that are here:
a halberd; a chain mail The orc warrior hits you from afar with a trident!
* * * LOW HITPOINT WARNING * * *
The orc warrior hits you from afar with a spear.
* * * LOW HITPOINT WARNING * * *
The orc knight hits you from afar with a glaive!
You die...

.≈.#############+### #####.≈.
.≈.##.....##.........## $$.##.≈.
.≈..##...#)..≈§§≈≈≈≈..## ##..≈.
.≈≈..##.##..≈≈.....≈≈..# ##..≈≈.
#.≈≈..#'#..≈≈...⌠...≈≈.. #.)≈≈.∩
∩.≈≈..#'#..§§§.⌠⌠⌠..≈≈.. #..≈≈.#
.≈≈..##.##..≈§oooo.§≈..# ##..≈≈.
.≈..##...##§.§≈≈≈§≈≈..# ##..≈.
.≈.##.....##...)@....# ##.≈.
.≈.#########'###)#############.≈.
.≈.....)....##.....##..........≈.
.≈≈≈≈≈≈≈≈≈≈..##.∩.##..≈≈≈≈≈≈≈≈≈≈.
..........≈≈))##.##..≈≈..........
#########..≈≈..###).≈≈..#########
##..≈≈..)..≈≈..## ##..≈≈≈≈≈≈≈..##
##.........##


You could see an orc knight and 3 orc warriors.

Vanquished Creatures
  3 two-headed ogres
  The ghost of Gorglomux the Grappler, a novice TrWr of Ru (D:8)
  The ghost of gottagoquickly the Cleaver, a novice MiBe of Trog (Bailey)
  The ghost of FakerFangirl the Cudgeler, a novice DrFi (D:5)
  A troll (D:10)
  A hippogriff (D:9)
  A spriggan (D:9)
  4 yaks (D:9)
  Eustachio (D:6)
  A hungry ghost (D:7)
  Duvessa (D:5)
  A water moccasin (D:8)
  4 orc warriors
  2 sky beasts
  2 ice beasts
  A phantom (D:9)
  5 ogres
  3 bullfrogs
  Dowan (D:5)
  3 scorpions
  4 killer bees (D:10)
  2 howler monkeys (D:8)
  2 crimson imps
  A centaur zombie (D:9)
  A bullfrog zombie (D:6)
  6 orc priests
  A jelly (D:9)
  6 hounds
  A centaur skeleton (D:9)
  3 iguanas
  9 orc wizards
  11 worker ants
  2 hound zombies
  3 hound skeletons
  2 howler monkey skeletons (D:5)
  A worker ant zombie (D:9)
  7 gnolls
  6 adders
  3 shadow imps
  2 oozes
  2 worms
  5 leopard geckos
  56 orcs
  4 giant cockroaches
  6 goblins
  4 hobgoblins
  24 jackals
  5 kobolds
  6 quokkas
  2 ball pythons
  A ball python skeleton (D:4)
  8 bats
  6 frilled lizards
  2 jackal skeletons
  A leopard gecko skeleton (D:4)
  A leopard gecko zombie (D:5)
  A quokka skeleton (D:8)
  23 rats
268 creatures vanquished.

Notes
Turn   | Place    | Note
-------+----------+-------------------------------------------
     0 | D:1      | tognito the Minotaur Berserker began the quest for the Orb.
     0 | D:1      | Reached XP level 1. HP: 19/19 MP: 0/0
    21 | D:1      | Reached skill level 4 in Axes
   129 | D:1      | Reached XP level 2. HP: 26/26 MP: 1/1
   169 | D:1      | Reached ** piety under Trog
   292 | D:1      | Reached skill level 5 in Axes
   439 | D:1      | Reached XP level 3. HP: 22/31 MP: 2/2
   935 | D:2      | Reached *** piety under Trog
   987 | D:2      | Gained mutation: You are clumsy. (Dex -2) [potion of mutation]
   987 | D:2      | Gained mutation: Your system is resistant to poisons. (rPois) [potion of mutation]
   987 | D:2      | Gained mutation: You are resistant to hostile enchantments. (MR+) [potion of mutation]
   987 | D:2      | Gained mutation: You have an increased reservoir of magic. (+10% MP) [potion of mutation]
  1269 | D:2      | Reached XP level 4. HP: 33/39 MP: 3/3
  1469 | D:3      | Reached skill level 6 in Axes
  2354 | D:4      | Reached skill level 7 in Axes
  2354 | D:4      | Reached XP level 5. HP: 31/45 MP: 4/4
  2628 | D:4      | Reached skill level 8 in Axes
  2646 | D:4      | Reached XP level 6. HP: 37/51 MP: 5/5
  2651 | D:4      | Reached **** piety under Trog
  2707 | D:4      | Reached skill level 9 in Axes
  2971 | D:5      | Entered Level 5 of the Dungeon
  3086 | D:5      | Reached XP level 7. HP: 57/57 MP: 6/6
  3147 | D:5      | Noticed FakerFangirl's ghost (novice DrFi)
  3157 | D:5      | Killed FakerFangirl's ghost
  3157 | D:5      | Reached skill level 11 in Axes
  3242 | D:5      | Reached XP level 8. HP: 48/64 MP: 7/7
  3247 | D:5      | Noticed Dowan
  3248 | D:5      | Noticed Duvessa
  3254 | D:5      | Killed Duvessa
  3254 | D:5      | Reached skill level 12 in Axes
  3262 | D:5      | Killed Dowan
  3705 | D:6      | Found a staircase to the Ecumenical Temple.
  4095 | D:6      | Noticed Eustachio
  4106 | D:6      | Killed Eustachio
  4106 | D:6      | Reached skill level 13 in Axes
  4291 | D:6      | Found Vietoij's Antique Weapon Emporium.
  4427 | D:6      | Reached XP level 9. HP: 70/70 MP: 8/8
  4641 | D:7      | Found Ytuplekao's Magic Scroll Emporium.
  4654 | D:7      | Reached skill level 14 in Axes
  4678 | D:7      | Reached ***** piety under Trog
  4763 | D:7      | Bought a scroll of remove curse for 42 gold pieces
  4784 | D:7      | Found Jigok's General Store.
  4819 | D:7      | Found Intena's Assorted Antiques.
  4969 | D:7      | Reached skill level 15 in Axes
  5085 | D:7      | Found Haniec's Magic Scroll Shoppe.
  5300 | D:8      | Noticed Gorglomux's ghost (novice TrWr)
  5316 | D:8      | Killed Gorglomux's ghost
  5429 | D:8      | Found a shimmering altar of Xom.
  5453 | D:8      | Reached skill level 16 in Axes
  5497 | D:8      | Found a deep blue altar of Sif Muna.
  5497 | D:8      | Found a glowing silver altar of Zin.
  5989 | D:9      | Found a staircase to the Orcish Mines.
  6115 | D:9      | Reached XP level 10. HP: 77/77 MP: 10/10
  6428 | D:9      | Reached skill level 17 in Axes
  6472 | D:9      | Noticed a two-headed ogre
  6477 | D:9      | Killed a two-headed ogre
  6969 | D:10     | Entered Level 10 of the Dungeon
  7049 | D:10     | Noticed a two-headed ogre
  7060 | D:10     | Killed a two-headed ogre
  7060 | D:10     | Reached skill level 18 in Axes
  7163 | D:10     | Noticed a two-headed ogre
  7171 | D:10     | Killed a two-headed ogre
  7285 | D:10     | Reached XP level 11. HP: 56/82 MP: 11/11
  7295 | D:10     | Found a flagged portal.
  7410 | Bailey   | Entered a bailey
  7466 | Bailey   | Noticed gottagoquickly's ghost (novice MiBe)
  7491 | Bailey   | Killed gottagoquickly's ghost
  7766 | Bailey   | Received a gift from Trog
  7770 | Bailey   | Noticed an orc knight
  7952 | Bailey   | Slain by an orc knight

Skill      XL: |  1  2  3  4  5  6  7  8  9 10 |
---------------+-------------------------------+-----
Axes           | 4 5 7 8 9 11 13 16 18 | 18.9
Fighting       | |  3.6
Armour         | |  2.4
Dodging        | |  2.1

Action                   |  1- 3 |  4- 6 |  7- 9 | 10-12 || total
-------------------------+-------+-------+-------+-------++-------
Melee: Hand axe          |   100 |   149 |       |       ||   249
       Headbutt          |    14 |    14 |    43 |    45 ||   116
       War axe           |       |     6 |   295 |   174 ||   475
       Broad axe         |       |       |       |    15 ||    15
Invok: Berserk           |       |       |     3 |     1 ||     4
       Burn Spellbooks   |       |       |     1 |     2 ||     3
  Use: Potion            |     8 |     2 |     1 |       ||    11
       Scroll            |     1 |     5 |    10 |     1 ||    17
  Eat: Chunk             |     1 |     6 |    14 |     6 ||    27
       Fruit             |       |       |       |     1 ||     1
Armor: Animal skin       |    22 |    23 |       |       ||    45
       Ring mail         |       |    13 |     6 |       ||    19
       Chain mail        |       |       |    44 |       ||    44
       Plate armour      |       |       |    49 |   158 ||   207
Dodge: Dodged            |    76 |    75 |    91 |   222 ||   464
